AoeStats
← jphilkill

Nomad

504696701Analyzed
4v4 RM · 27d ago on Sep 6, 2026· 71m 3s· 8 players
Game mode
Random Map
Map size
231×231
Population
200
Speed
Normal
Resources
Standard
Victory
Conquest
Starting age
Dark Age
Ending age
Imperial Age
RankedLock teamsTeams togetherTeam positionsShared explorationLock speedFull tech treeHidden civsTurbo modeCheats
Victory
Defeat
🇨🇳 Berbers · China
1127
+11
🇲🇽 Dravidians · Mexico
1070
+13
🇪🇸 Cumans · Spain
1043
+15
🇦🇹 Huns · Austria
1033
+15
🇨🇳 Koreans · China
1097
-17
🇩🇪 Huns · Germany
1003
-13
🇨🇳 Persians · China
987
-12
🇦🇺 Khmer · Australia
966
-12
GoroGorito
3:27 Loom
13:48 Feudal Age
23:26 Castle Age
28:28 Town Watch
29:19 Wheelbarrow
31:31 Gold Mining
34:35 Imperial Age
32:33 Forging
32:28 Scale Barding Armor
33:11 Husbandry
37:14 Iron Casting
36:59 Chain Barding Armor
40:58 Blast Furnace
46:48 Horse Collar
48:33 Light Cavalry
50:55 Heavy Plow
57:31 Fletching
57:41 Padded Archer Armor
59:53 Chemistry
58:52 Double-Bit Axe
58:42 Light Cavalry
61:48 Elite Elephant Archer
62:52 Ballistics
62:54 Hand Cart
64:04 Bodkin Arrow
64:24 Leather Archer Armor
66:13 Bracer
66:43 Ring Archer Armor
68:48 Bow Saw
fundopando
6:45 Loom
26:13 Feudal Age
36:06 Double-Bit Axe
36:08 Horse Collar
39:57 Wheelbarrow
42:01 Fletching
42:30 Town Watch
45:01 Forging
44:52 Scale Mail Armor
46:49 Gold Mining
47:55 Arson
52:18 Castle Age
51:10 Bloodlines
54:59 Chain Mail Armor
55:19 Iron Casting
54:06 Pikeman
54:47 Squires
58:01 Hand Cart
64:08 Imperial Age
64:48 Halberdier
65:39 Scale Barding Armor
66:36 Blast Furnace
68:45 Masonry
smake
14:48 Feudal Age
23:38 Scale Mail Armor
26:24 Castle Age
25:47 Bloodlines
25:40 Horse Collar
32:49 Heavy Plow
36:27 Wheelbarrow
35:46 Double-Bit Axe
37:59 Gold Mining
38:24 Scale Barding Armor
38:44 Bow Saw
37:56 Light Cavalry
38:37 Husbandry
38:59 Hand Cart
45:09 Imperial Age
43:31 Loom
47:36 Masonry
48:39 Town Watch
49:52 Marauders
53:31 Hand Cart
53:17 Town Patrol
53:53 Chain Barding Armor
53:59 Elite Tarkan
61:55 Two-Man Saw
70:07 Pikeman
70:48 Squires
70:34 Arson
mx
4:34 Loom
17:10 Feudal Age
17:47 Double-Bit Axe
19:56 Forging
21:04 Wheelbarrow
21:48 Fishing Lines
25:40 Castle Age
25:52 Fletching
26:35 Scale Barding Armor
27:16 Bloodlines
27:07 Husbandry
27:40 Bow Saw
30:13 Chain Barding Armor
33:00 Hand Cart
42:08 Bodkin Arrow
50:42 Imperial Age
50:45 Kasbah
51:48 Conscription
Clarkey912
11:24 Loom
13:13 Feudal Age
18:14 Castle Age
18:09 Bloodlines
19:03 Gold Mining
19:30 Husbandry
19:44 Scale Barding Armor
20:01 Husbandry
20:46 Forging
21:39 Husbandry
28:49 Fletching
29:20 Chain Barding Armor
29:36 Iron Casting
37:20 Imperial Age
36:58 Wheelbarrow
36:09 Town Watch
41:18 Hoardings
40:45 Double Crossbow
40:32 Cavalier
42:17 Light Cavalry
42:57 Double-Bit Axe
49:33 Bodkin Arrow
52:29 Elite Battle Elephant
55:37 Conscription
56:29 Conscription
56:12 Tusk Swords
55:40 Pikeman
56:22 Halberdier
57:32 Scale Mail Armor
61:02 Plate Barding Armor
61:28 Blast Furnace
60:57 Chain Mail Armor
62:30 Bracer
jphilkill
3:42 Loom
17:22 Feudal Age
22:21 Castle Age
21:43 Stone Mining
21:51 Double-Bit Axe
24:07 Wheelbarrow
24:38 Gold Mining
27:11 Pikeman
34:04 Scale Mail Armor
34:15 Forging
43:00 Chain Mail Armor
43:21 Iron Casting
50:32 Gold Shaft Mining
52:55 Bow Saw
53:11 Fishing Lines
56:28 Imperial Age
58:38 Halberdier
62:51 Squires
63:53 Conscription
64:35 Chemistry
63:59 Ballistics
63:02 Elite Skirmisher
130农在出兵
13:33 Feudal Age
17:17 Wheelbarrow
17:29 Double-Bit Axe
20:07 Loom
25:28 Castle Age
25:37 Fishing Lines
26:37 Stone Mining
29:08 Bow Saw
33:51 Horse Collar
39:27 Imperial Age
42:47 Gillnets
42:23 Elite Turtle Ship
44:29 Hand Cart
46:02 Conscription
52:56 Ballistics
55:27 Two-Man Saw
56:54 Chemistry
56:08 Clinker Construction
57:25 Town Watch
57:38 Fletching
59:34 Gambesons
59:49 Squires
59:34 Arson
63:34 Bodkin Arrow
64:10 Carvel Hull
64:17 Shipwright
yigjiajsdihna
6:03 Loom
Connection lost

Rejoining the realm…

Still unreachable

The connection could not be restored.

Session expired

The server has moved on; the page needs a fresh start.